3L
KINGSTON TOWNSHIP LEGION @ SEATTLE AVIATORS
08/18/2029
 
TOP OF THE 1ST
Kingston Township Legion batting - Pitching for Seattle Aviators : RHP Zach Rediker
Pitching: RHP Zach Rediker
Batting: RHB Alfredo Cardenas 0-0: Ball
1-0: Ball
2-0: Called Strike
2-1: Called Strike
2-2: Fly out, F9 (Flyball, 9)
Batting: LHB António González 0-0: Swinging Strike
0-1: Ball
1-1: SOLO HOME RUN (Flyball, 89XD), Distance : 369 ft
Batting: RHB Clarence Neal 0-0: Fly out, F6 (Popup, 6M)
Batting: LHB Mike Gardner 0-0: DOUBLE (Groundball, 5L)
Batting: RHB Dani Trejo 0-0: Foul Ball, location: 2F
0-1: Ball
1-1: Foul Ball, location: 2F
1-2: Ball
2-2: Strikes out looking
Top of the 1st over - 1 run, 2 hits, 0 errors, 1 left on base; Kingston Township 1 - Seattle 0
BOTTOM OF THE 1ST
Seattle Aviators batting - Pitching for Kingston Township Legion : RHP Fernando Espinosa
Pitching: RHP Fernando Espinosa
Batting: LHB Jorge Ortíz 0-0: Ball
1-0: SINGLE (Groundball, 23) (infield hit)
Batting: RHB José Rodríguez 0-0: Ball
1-0: Swinging Strike
1-1: Ball
2-1: Foul Ball, location: 2F
2-2: Ball
3-2: Base on Balls
Jorge Ortíz to second
Batting: LHB Jorge Mojica 0-0: Ball
1-0: Ball
2-0: Ball
3-0: Base on Balls
Jorge Ortíz to third
José Rodríguez to second
Batting: LHB Kenny Webster 0-0: Ball
1-0: Foul Ball, location: 2F
1-1: Swinging Strike
1-2: Ball
2-2: Grounds into double play, 4-6-3 (Groundball, 4)
Jorge Ortíz scores
José Rodríguez to third
Batting: RHB Enrique Ibarra 0-0: Ball
1-0: Ball
2-0: Called Strike
2-1: Ball
3-1: Swinging Strike
3-2: Base on Balls
Batting: RHB Seon-keun Kim 0-0: Foul Ball, location: 2F
0-1: Foul Ball, location: 2F
0-2: Ball
1-2: Foul Ball, location: 2F
1-2: Ball
2-2: Fly out, F9 (Flyball, 9LM)
Bottom of the 1st over - 1 run, 1 hit, 0 errors, 2 left on base; Kingston Township 1 - Seattle 1
TOP OF THE 2ND
Kingston Township Legion batting - Pitching for Seattle Aviators : RHP Zach Rediker
Batting: RHB EP Weston 0-0: Ball
1-0: Fly out, F9 (Flyball, 89S)
Batting: SHB Martín Marrero 0-0: Foul Ball, location: 2F
0-1: Ball
1-1: Ground out 4-3 (Groundball, 34)
Batting: RHB Jim Scott 0-0: Ground out 6-3 (Groundball, 6S)
Top of the 2nd over - 0 runs, 0 hits, 0 errors, 0 left on base; Kingston Township 1 - Seattle 1
BOTTOM OF THE 2ND
Seattle Aviators batting - Pitching for Kingston Township Legion : RHP Fernando Espinosa
Batting: RHB Patrick Eggen 0-0: Fly out, F8 (Flyball, 8RS)
Batting: LHB Ignacio Martínez 0-0: Ball
1-0: Ball
2-0: Ball
3-0: Base on Balls
Batting: RHB Bartolo Rosas 0-0: Ball
1-0: Ball
2-0: Ball
3-0: Base on Balls
Ignacio Martínez to second
Batting: LHB Jorge Ortíz 0-0: Called Strike
0-1: Ball
1-1: Foul Ball, location: 2F
1-2: Ball
2-2: Fielders Choice at 2nd, 3-6 (Groundball, 34)
Ignacio Martínez to third
Batting: RHB José Rodríguez 0-0: Hit by Pitch
Jorge Ortíz to second
Batting: LHB Jorge Mojica 0-0: Ball
1-0: Ball
2-0: Ball
3-0: Base on Balls
Ignacio Martínez scores
Jorge Ortíz to third
José Rodríguez to second
Batting: LHB Kenny Webster 0-0: Called Strike
0-1: Foul Ball, location: 2F
0-2: Ball
1-2: Fly out, F7 (Flyball, 7)
Bottom of the 2nd over - 1 run, 0 hits, 0 errors, 3 left on base; Kingston Township 1 - Seattle 2
TOP OF THE 3RD
Kingston Township Legion batting - Pitching for Seattle Aviators : RHP Zach Rediker
Batting: RHB Júlio Rodríguez 0-0: Ground out 1-3 (Groundball, 13S)
Batting: RHB Alfredo Cardenas 0-0: Called Strike
0-1: Ball
1-1: Ball
2-1: Called Strike
2-2: Ground out U3 (Groundball, 34)
Batting: LHB António González 0-0: Ball
1-0: Ball
2-0: Foul Ball, location: 2F
2-1: Ball
3-1: Fly out, F9 (Flyball, 89S)
Top of the 3rd over - 0 runs, 0 hits, 0 errors, 0 left on base; Kingston Township 1 - Seattle 2
BOTTOM OF THE 3RD
Seattle Aviators batting - Pitching for Kingston Township Legion : RHP Fernando Espinosa
Batting: RHB Enrique Ibarra 0-0: SINGLE (Flyball, 8LM)
Batting: RHB Seon-keun Kim 0-0: Foul Ball, location: 2F
0-1: Foul Ball, location: 2F
0-2: Ball
1-2: Ball
2-2: Strikes out swinging
Enrique Ibarra steals 2nd base
Batter strikes out.
Batting: RHB Patrick Eggen 0-0: Called Strike
0-1: Ball
1-1: Swinging Strike
1-2: Ground out U3 (Groundball, 3)
Enrique Ibarra to third
Batting: LHB Ignacio Martínez 0-0: Foul Ball, location: 2F
0-1: Ball
1-1: DOUBLE (Line Drive, 78D)
Enrique Ibarra scores
Batting: RHB Bartolo Rosas 0-0: Ball
1-0: SINGLE (Groundball, 6MD)
Ignacio Martínez to third
Runner from 3rd tries for Home, SAFE, throw made home
Batting: LHB Jorge Ortíz 0-0: Ball
Bartolo Rosas is caught stealing 2nd base
Bottom of the 3rd over - 2 runs, 3 hits, 0 errors, 0 left on base; Kingston Township 1 - Seattle 4
TOP OF THE 4TH
Kingston Township Legion batting - Pitching for Seattle Aviators : RHP Zach Rediker
Batting: RHB Clarence Neal 0-0: Ball
1-0: Ground out U3 (Groundball, 3L)
Batting: LHB Mike Gardner 0-0: Ground out U3 (Groundball, 3)
Batting: RHB Dani Trejo 0-0: Ball
1-0: Called Strike
1-1: Ball
2-1: Foul Ball, location: 2F
2-2: Ball
3-2: Base on Balls
Batting: RHB EP Weston 0-0: Ball
1-0: Called Strike
1-1: Ground out 5-3 (Groundball, 56S)
Top of the 4th over - 0 runs, 0 hits, 0 errors, 1 left on base; Kingston Township 1 - Seattle 4
BOTTOM OF THE 4TH
Seattle Aviators batting - Pitching for Kingston Township Legion : RHP Fernando Espinosa
Batting: LHB Jorge Ortíz 0-0: Ball
1-0: Ball
2-0: Called Strike
2-1: Ball
3-1: Foul Ball, location: 2F
3-2: Base on Balls
Batting: RHB José Rodríguez 0-0: Ball
Jorge Ortíz steals 2nd base
1-0: Called Strike
1-1: Ground out 6-3 (Groundball, 6)
Jorge Ortíz to third
Batting: LHB Jorge Mojica 0-0: Ball
1-0: Ball
2-0: Foul Ball, location: 2F
2-1: Foul Ball, location: 2F
2-2: Foul Ball, location: 2F
2-2: Strikes out swinging
Batting: LHB Kenny Webster 0-0: Fly out, F7 (Flyball, 7LS)
Bottom of the 4th over - 0 runs, 0 hits, 0 errors, 1 left on base; Kingston Township 1 - Seattle 4
TOP OF THE 5TH
Kingston Township Legion batting - Pitching for Seattle Aviators : RHP Zach Rediker
Batting: SHB Martín Marrero 0-0: Ball
1-0: Foul Ball, location: 2F
1-1: Ball
2-1: Foul Ball, location: 2F
2-2: DOUBLE (Flyball, 8RXD)
Batting: RHB Jim Scott 0-0: Ball
1-0: Ball
2-0: Fly out, F7 (Flyball, 7S)
Batting: RHB Júlio Rodríguez 0-0: Ball
1-0: Foul Ball, location: 2F
1-1: Called Strike
1-2: Ground out U3 (Groundball, 34S)
Martín Marrero to third
Batting: RHB Alfredo Cardenas 0-0: Foul Ball, location: 2F
0-1: Called Strike
0-2: Ball
1-2: Foul Ball, location: 2F
1-2: SINGLE (Flyball, 89M)
Martín Marrero scores
Batting: LHB António González 0-0: Ball
1-0: Ball
2-0: Fly out, F8 (Flyball, 8RD)
Top of the 5th over - 1 run, 2 hits, 0 errors, 1 left on base; Kingston Township 2 - Seattle 4
BOTTOM OF THE 5TH
Seattle Aviators batting - Pitching for Kingston Township Legion : RHP Fernando Espinosa
Batting: RHB Enrique Ibarra 0-0: Fly out, F5 (Popup, 25F)
Pitching: LHP Roger Shaw
Batting: RHB Seon-keun Kim 0-0: Called Strike
0-1: Swinging Strike
0-2: Ball
1-2: Strikes out swinging
Batting: RHB Patrick Eggen 0-0: Ball
1-0: Ball
2-0: Ball
3-0: Called Strike
3-1: Called Strike
3-2: Base on Balls
Batting: LHB Ignacio Martínez 0-0: Ball
Patrick Eggen steals 2nd base
1-0: Ball
2-0: Ball
3-0: Called Strike
3-1: Fly out, F6 (Flyball, 6D)
Bottom of the 5th over - 0 runs, 0 hits, 0 errors, 1 left on base; Kingston Township 2 - Seattle 4
TOP OF THE 6TH
Kingston Township Legion batting - Pitching for Seattle Aviators : RHP Zach Rediker
Batting: RHB Clarence Neal 0-0: Foul Ball, location: 2F
0-1: Foul Ball, location: 2F
0-2: Ball
1-2: Ball
2-2: Foul Ball, location: 2F
2-2: Strikes out swinging
Batting: LHB Mike Gardner 0-0: Ball
1-0: Ground out 4-3 (Groundball, 4)
Batting: RHB Dani Trejo 0-0: Called Strike
0-1: Ball
1-1: SINGLE (Groundball, 6MD)
Batting: RHB EP Weston 0-0: Ball
1-0: Foul Ball, location: 2F
1-1: Foul Ball, location: 2F
1-2: Ball
Dani Trejo steals 2nd base
2-2: Ball
3-2: Fly out, F6 (Line Drive, 6)
Top of the 6th over - 0 runs, 1 hit, 0 errors, 1 left on base; Kingston Township 2 - Seattle 4
BOTTOM OF THE 6TH
Seattle Aviators batting - Pitching for Kingston Township Legion : LHP Roger Shaw
Batting: RHB Bartolo Rosas 0-0: Swinging Strike
0-1: Ball
1-1: Ball
2-1: Ball
3-1: Base on Balls
Batting: LHB Jorge Ortíz 0-0: Ball
1-0: Ball
2-0: Bunted foul
2-1: Sac Bunt - play at first, batter OUT! 3-4
Bartolo Rosas to second
Batting: RHB José Rodríguez 0-0: Ball
1-0: Called Strike
1-1: Ball
2-1: Foul Ball, location: 2F
2-2: Strikes out swinging
Batting: LHB Jorge Mojica 0-0: Swinging Strike
0-1: Ball
1-1: SINGLE (Groundball, 4MD)
Bartolo Rosas to third
Runner from 3rd tries for Home, SAFE, throw made home
Batting: LHB Kenny Webster 0-0: Called Strike
0-1: Ground out 4-3 (Groundball, 34)
Bottom of the 6th over - 1 run, 1 hit, 0 errors, 1 left on base; Kingston Township 2 - Seattle 5
TOP OF THE 7TH
Kingston Township Legion batting - Pitching for Seattle Aviators : RHP Zach Rediker
Batting: SHB Martín Marrero 0-0: Foul Ball, location: 2F
0-1: Ball
1-1: Ball
2-1: SINGLE (Groundball, 6MD)
Batting: RHB Jim Scott 0-0: Ground out 5-3 (Groundball, 56S)
Martín Marrero to second
Batting: RHB Júlio Rodríguez 0-0: Called Strike
0-1: Called Strike
0-2: Ground out 6-3 (Groundball, 6)
Batting: RHB Alfredo Cardenas 0-0: Called Strike
0-1: Ball
1-1: Swinging Strike
1-2: Foul Ball, location: 2F
1-2: Ball
2-2: Foul Ball, location: 2F
2-2: DOUBLE (Flyball, 8RXD)
Martín Marrero scores
Pitching: RHP José Muńóz
Batting: LHB António González 0-0: Called Strike
0-1: Ball
1-1: Fly out, F3 (Line Drive, 3S)
Top of the 7th over - 1 run, 2 hits, 0 errors, 1 left on base; Kingston Township 3 - Seattle 5
BOTTOM OF THE 7TH
Seattle Aviators batting - Pitching for Kingston Township Legion : LHP Roger Shaw
Batting: RHB Enrique Ibarra 0-0: Ball
1-0: Ball
2-0: Called Strike
2-1: Ground out 4-3 (Groundball, 4)
Batting: RHB Seon-keun Kim 0-0: Foul Ball, location: 2F
0-1: Foul Ball, location: 2F
0-2: Ball
1-2: Ground out 4-3 (Groundball, 4M)
Batting: RHB Patrick Eggen 0-0: Called Strike
0-1: Ball
1-1: Ball
2-1: Ball
3-1: Base on Balls
Batting: LHB Ignacio Martínez 0-0: Fly out, F8 (Flyball, 78D)
Bottom of the 7th over - 0 runs, 0 hits, 0 errors, 1 left on base; Kingston Township 3 - Seattle 5
TOP OF THE 8TH
Kingston Township Legion batting - Pitching for Seattle Aviators : RHP José Muńóz
Batting: RHB Clarence Neal 0-0: Ball
1-0: Foul Ball, location: 2F
1-1: Ball
2-1: Ball
3-1: Fly out, F7 (Flyball, 78M)
Batting: LHB Mike Gardner 0-0: Fly out, F9 (Line Drive, 9)
Batting: RHB Dani Trejo 0-0: Foul Ball, location: 2F
0-1: SOLO HOME RUN (Flyball, 7LD), Distance : 338 ft
Batting: RHB EP Weston 0-0: Ball
1-0: Swinging Strike
1-1: SINGLE (Flyball, 78S)
Pitching: RHP John Woods
Batting: SHB Martín Marrero 0-0: Foul Ball, location: 2F
0-1: Ball
1-1: Foul Ball, location: 2F
1-2: Foul Ball, location: 2F
1-2: Strikes out looking
Top of the 8th over - 1 run, 2 hits, 0 errors, 1 left on base; Kingston Township 4 - Seattle 5
BOTTOM OF THE 8TH
Seattle Aviators batting - Pitching for Kingston Township Legion : LHP Roger Shaw
Batting: RHB Bartolo Rosas 0-0: Ball
1-0: Foul Ball, location: 2F
1-1: Called Strike
1-2: Foul Ball, location: 2F
1-2: Ball
2-2: Ground out 4-3 (Groundball, 4)
Batting: LHB Jorge Ortíz 0-0: Foul Ball, location: 2F
0-1: Swinging Strike
0-2: Strikes out swinging
Batting: RHB José Rodríguez 0-0: Ball
1-0: SINGLE (Line Drive, 78M)
Pitching: RHP Kyung-un Yi
Batting: LHB Jorge Mojica 0-0: Ball
1-0: Ball
2-0: Ground out 4-3 (Groundball, 4)
Bottom of the 8th over - 0 runs, 1 hit, 0 errors, 1 left on base; Kingston Township 4 - Seattle 5
TOP OF THE 9TH
Kingston Township Legion batting - Pitching for Seattle Aviators : RHP John Woods
Pitching: LHP Yajirobei Otomo
Batting: RHB Jim Scott 0-0: Ball
1-0: Ball
2-0: Ball
3-0: Called Strike
3-1: Base on Balls
Pinch Runner at 1st Elia Amberezzio:
Batting: RHB Júlio Rodríguez 0-0: Sac Bunt - play at first, batter OUT! 3-4
Elia Amberezzio to second
Batting: RHB Alfredo Cardenas 0-0: Ball
1-0: Ball
2-0: Ball
3-0: Base on Balls
Batting: LHB António González 0-0: Ball
1-0: Swinging Strike
1-1: Ball
2-1: Ball
3-1: Called Strike
3-2: Foul Ball, location: 2F
3-2: Foul Ball, location: 2F
3-2: Foul Ball, location: 2F
3-2: Foul Ball, location: 2F
3-2: Ground out U3 (Groundball, 3)
Elia Amberezzio to third
Alfredo Cardenas to second
Batting: RHB Clarence Neal 0-0: Ball
1-0: Ball
2-0: Ball
3-0: Base on Balls
Pinch Hitting: RHB José Icaza 0-0: Ball
1-0: Called Strike
1-1: Ball
2-1: Ball
3-1: Base on Balls
Elia Amberezzio scores
Alfredo Cardenas to third
Clarence Neal to second
Batting: RHB Dani Trejo 0-0: Ball
1-0: Ball
2-0: Foul Ball, location: 2F
2-1: Ground out 1-3 (Groundball, P)
Top of the 9th over - 1 run, 0 hits, 0 errors, 3 left on base; Kingston Township 5 - Seattle 5
BOTTOM OF THE 9TH
Seattle Aviators batting - Pitching for Kingston Township Legion : RHP Kyung-un Yi
Now at SS: Elia Amberezzio
Now in LF: Armando Reyes
Batting: LHB Kenny Webster 0-0: Called Strike
0-1: Ball
1-1: Hit by Pitch
Batting: RHB Enrique Ibarra 0-0: Ball
1-0: Fielders Choice at 2nd, 4-6 (Groundball, 4)
Batting: RHB Seon-keun Kim 0-0: Foul Ball, location: 2F
0-1: Called Strike
0-2: Ball
1-2: Ball
2-2: Fly out, F9 (Flyball, 9D)
Batting: RHB Patrick Eggen 0-0: Ball
1-0: Ball
2-0: Called Strike
2-1: Ball
3-1: Foul Ball, location: 2F
3-2: Foul Ball, location: 2F
3-2: Ground out U3 (Groundball, 3S)
Bottom of the 9th over - 0 runs, 0 hits, 0 errors, 1 left on base; Kingston Township 5 - Seattle 5
TOP OF THE 10TH
Kingston Township Legion batting - Pitching for Seattle Aviators : LHP Yajirobei Otomo
Pitching: RHP César Manoel
Batting: RHB EP Weston 0-0: DOUBLE (Flyball, 89D) - OUT at third base trying to stretch hit.
Batting: SHB Martín Marrero 0-0: Called Strike
0-1: Swinging Strike
0-2: Ball
1-2: Ball
2-2: Strikes out swinging
Batting: RHB Elia Amberezzio 0-0: Foul Ball, location: 2F
0-1: Ball
1-1: Called Strike
1-2: Ground out 4-3 (Groundball, 4)
Top of the 10th over - 0 runs, 1 hit, 0 errors, 0 left on base; Kingston Township 5 - Seattle 5
BOTTOM OF THE 10TH
Seattle Aviators batting - Pitching for Kingston Township Legion : RHP Kyung-un Yi
Pitching: RHP John Riggleman
Batting: LHB Ignacio Martínez 0-0: Ball
1-0: Ball
2-0: Ground out U3 (Groundball, 34)
Batting: RHB Bartolo Rosas 0-0: Ball
1-0: Called Strike
1-1: Foul Ball, location: 2F
1-2: Foul Ball, location: 2F
1-2: Foul Ball, location: 2F
1-2: Foul Ball, location: 2F
1-2: Ball
2-2: DOUBLE (Line Drive, 5D)
Batting: LHB Jorge Ortíz 0-0: Ball
1-0: Swinging Strike
1-1: Ground out 4-3 (Groundball, 4)
Bartolo Rosas to third
Batting: RHB José Rodríguez 0-0: Called Strike
0-1: Called Strike
0-2: Strikes out swinging
Bottom of the 10th over - 0 runs, 1 hit, 0 errors, 1 left on base; Kingston Township 5 - Seattle 5
TOP OF THE 11TH
Kingston Township Legion batting - Pitching for Seattle Aviators : RHP César Manoel
Batting: RHB Júlio Rodríguez 0-0: DOUBLE (Line Drive, 78D)
Batting: RHB Alfredo Cardenas 0-0: Ball
1-0: Fly out, F7 (Flyball, 7LS)
Batting: LHB António González 0-0: Ball
1-0: Ball
2-0: Called Strike
Júlio Rodríguez is caught stealing 3rd base
2-1: Foul Ball, location: 2F
2-2: Foul Ball, location: 2F
2-2: Foul Ball, location: 2F
2-2: Ground out 1-3 (Groundball, P)
Top of the 11th over - 0 runs, 1 hit, 0 errors, 0 left on base; Kingston Township 5 - Seattle 5
BOTTOM OF THE 11TH
Seattle Aviators batting - Pitching for Kingston Township Legion : RHP John Riggleman
Batting: LHB Jorge Mojica 0-0: Swinging Strike
0-1: Foul Ball, location: 2F
0-2: Ground out 4-3 (Groundball, 34)
Batting: LHB Kenny Webster 0-0: Ball
1-0: Ball
2-0: Ball
3-0: Called Strike
3-1: Foul Ball, location: 2F
3-2: Foul Ball, location: 2F
3-2: Ground out 3-1 (Groundball, 34S)
Batting: RHB Enrique Ibarra 0-0: Foul Ball, location: 2F
0-1: Ball
1-1: Called Strike
1-2: Foul Ball, location: 2F
1-2: SINGLE (Groundball, 56) (infield hit)
Batting: RHB Seon-keun Kim 0-0: Ball
1-0: Ball
2-0: Called Strike
2-1: Foul Ball, location: 2F
2-2: Foul Ball, location: 2F
2-2: Foul Ball, location: 2F
2-2: Ball
3-2: Fly out, F8 (Flyball, 78D)
Bottom of the 11th over - 0 runs, 1 hit, 0 errors, 1 left on base; Kingston Township 5 - Seattle 5
TOP OF THE 12TH
Kingston Township Legion batting - Pitching for Seattle Aviators : RHP César Manoel
Pitching: RHP Riley Breckenridge
Batting: RHB Clarence Neal 0-0: Called Strike
0-1: Ball
1-1: Ball
2-1: Swinging Strike
2-2: Foul Ball, location: 2F
2-2: SINGLE (Groundball, 56D)
Batting: LHB Armando Reyes 0-0: Ball
1-0: Ball
2-0: Called Strike
2-1: Ball
3-1: Called Strike
3-2: DOUBLE (Flyball, 9LD)
Clarence Neal to third
Batting: RHB Dani Trejo 0-0: Called Strike
0-1: Swinging Strike
0-2: Ball
1-2: Foul Ball, location: 2F
1-2: Strikes out looking
Batting: RHB EP Weston 0-0: Intentional Walk
Batting: SHB Martín Marrero 0-0: Ball
1-0: Ball
2-0: Called Strike
2-1: Foul Ball, location: 2F
2-2: Foul Ball, location: 2F
2-2: Foul Ball, location: 2F
2-2: SINGLE (Line Drive, 4MD)
Clarence Neal scores
Armando Reyes to third
EP Weston to second
Batting: RHB Elia Amberezzio 0-0: Called Strike
0-1: Ball
1-1: Grounds into double play, 5-2-3 (Groundball, 56)
Top of the 12th over - 1 run, 3 hits, 0 errors, 2 left on base; Kingston Township 6 - Seattle 5
BOTTOM OF THE 12TH
Seattle Aviators batting - Pitching for Kingston Township Legion : RHP John Riggleman
Pitching: RHP Yosuke Takahashi
Batting: RHB Patrick Eggen 0-0: Foul Ball, location: 2F
0-1: Foul Ball, location: 2F
0-2: Strikes out swinging passed ball, reaches first!
Batting: LHB Ignacio Martínez 0-0: Ball
1-0: Sac Bunt - play at first, batter OUT! 5-4
Patrick Eggen to second
Batting: RHB Bartolo Rosas 0-0: Ball
1-0: Foul Ball, location: 2F
1-1: SINGLE (Groundball, 5S) (infield hit)
Patrick Eggen to third
Batting: LHB Jorge Ortíz 0-0: Called Strike
0-1: SINGLE (Line Drive, 6MD)
Patrick Eggen scores
Bartolo Rosas to second
Batting: RHB José Rodríguez 0-0: Called Strike
0-1: Called Strike
0-2: Foul Ball, location: 2F
0-2: Ball
1-2: Grounds into double play, 6-4-3 (Groundball, 6)
Bottom of the 12th over - 1 run, 2 hits, 0 errors, 1 left on base; Kingston Township 6 - Seattle 6
TOP OF THE 13TH
Kingston Township Legion batting - Pitching for Seattle Aviators : RHP Riley Breckenridge
Pitching: RHP Claudio Díaz
Batting: RHB Júlio Rodríguez 0-0: Foul Ball, location: 2F
0-1: Ground out U3 (Groundball, 34)
Batting: RHB Alfredo Cardenas 0-0: Ball
1-0: Called Strike
1-1: Foul Ball, location: 2F
1-2: Ball
2-2: Ball
3-2: Foul Ball, location: 2F
3-2: Base on Balls
Batting: LHB António González 0-0: Ball
1-0: Ball
2-0: Ball
3-0: Called Strike
3-1: Fielders Choice at 2nd, 4-6 (Groundball, 4)
Batting: RHB Clarence Neal 0-0: Called Strike
0-1: Ball
1-1: Swinging Strike
1-2: Ball
2-2: Strikes out looking
Top of the 13th over - 0 runs, 0 hits, 0 errors, 1 left on base; Kingston Township 6 - Seattle 6
BOTTOM OF THE 13TH
Seattle Aviators batting - Pitching for Kingston Township Legion : RHP Yosuke Takahashi
Batting: LHB Jorge Mojica 0-0: Ball
1-0: Swinging Strike
1-1: Called Strike
1-2: Ball
2-2: Foul Ball, location: 2F
2-2: Ground out 1-3 (Groundball, P)
Batting: LHB Kenny Webster 0-0: Foul Ball, location: 2F
0-1: Ball
1-1: Ball
2-1: Swinging Strike
2-2: Ground out 6-3 (Groundball, 6)
Batting: RHB Enrique Ibarra 0-0: Ball
1-0: Ball
2-0: Called Strike
2-1: Ball
3-1: Called Strike
3-2: Strikes out swinging
Bottom of the 13th over - 0 runs, 0 hits, 0 errors, 0 left on base; Kingston Township 6 - Seattle 6
TOP OF THE 14TH
Kingston Township Legion batting - Pitching for Seattle Aviators : RHP Claudio Díaz
Batting: LHB Armando Reyes 0-0: Foul Ball, location: 2F
0-1: SINGLE (Groundball, 34D)
Batting: RHB Dani Trejo 0-0: Called Strike
0-1: Ball
1-1: Swinging Strike
1-2: Ball
2-2: Strikes out swinging
Batting: RHB EP Weston 0-0: Ball
Armando Reyes steals 2nd base
1-0: Intentional Walk
Batting: SHB Martín Marrero 0-0: Ball
1-0: Foul Ball, location: 2F
1-1: Foul Ball, location: 2F
1-2: Fly out, F8 (Flyball, 8LXD)
Runner from 2nd tags up, SAFE at 3rd, no throw
Batting: RHB Elia Amberezzio 0-0: Ball
1-0: Ball
2-0: Ball
3-0: Called Strike
3-1: SINGLE (Groundball, 56) (infield hit)
Armando Reyes scores
EP Weston to second
Batting: RHB Júlio Rodríguez 0-0: Foul Ball, location: 2F
0-1: Ball
1-1: Ground out 5-3 (Groundball, 2L)
Top of the 14th over - 1 run, 2 hits, 0 errors, 2 left on base; Kingston Township 7 - Seattle 6
BOTTOM OF THE 14TH
Seattle Aviators batting - Pitching for Kingston Township Legion : RHP Yosuke Takahashi
Pitching: LHP Il-young Kim
Batting: RHB Seon-keun Kim 0-0: Ball
1-0: Called Strike
1-1: Foul Ball, location: 2F
1-2: Ball
2-2: Foul Ball, location: 2F
2-2: Ball
3-2: Foul Ball, location: 2F
3-2: Fly out, F9 (Flyball, 89M)
Batting: RHB Patrick Eggen 0-0: Ball
1-0: Ball
2-0: Foul Ball, location: 2F
2-1: Foul Ball, location: 2F
2-2: Foul Ball, location: 2F
2-2: Strikes out looking
Batting: LHB Ignacio Martínez 0-0: Fly out, F6 (Line Drive, 6)
Bottom of the 14th over - 0 runs, 0 hits, 0 errors, 0 left on base; Kingston Township 7 - Seattle 6
Tuesday, December 19th, 2017 - OOTP Baseball 18.8 Build 76